 Dungeon Crawl Stone Soup version 0.24-a0-189-g5d897e9 (webtiles) character file.

Game seed: 8089701591984189159

23 Lanoc the Chopper (level 2, -4/25 HPs)
             Began as a Minotaur Gladiator on Mar 17, 2019.
             Blown up by Ijyb (21 damage)
             ... with a wand of disintegration (4)
             ... on level 3 of the Dungeon.
             The game lasted 00:00:40 (385 turns).

Lanoc the Chopper (Minotaur Gladiator)               Turns: 385, Time: 00:00:41

Health: -4/25      AC:  3    Str: 18    XL:     2   Next: 72%
Magic:  1/1        EV: 13    Int:  5    God:
Gold:   78         SH:  0    Dex: 11    Spells: 1/1 levels left

rFire    . . .     SeeInvis .   a - +0 war axe
rCold    . . .     Gourm    .   (no shield)
rNeg     . . .     Faith    .   b - +0 leather armour
rPois    .         Spirit   .   c - +0 hat
rElec    .         Reflect  .   (no cloak)
rCorr    .         Harm     .   (no gloves)
MR       .....                  (no boots)
Stlth    +.........             (no amulet)
HPRegen  0.08/turn              (no ring)
MPRegen  0.07/turn              (no ring)

@: no status effects
A: retaliatory headbutt, horns 2
a: no special abilities


You were on level 3 of the Dungeon.
You were not hungry.

You visited 1 branch of the dungeon, and saw 3 of its levels.

You collected 78 gold pieces.

Inventory:

Hand Weapons
 a - a +0 war axe (weapon)
Missiles
 d - 4 throwing nets (quivered)
Armour
 b - a +0 leather armour (worn)
 c - a +0 hat (worn)
Scrolls
 e - a scroll of enchant armour {unknown}
 g - a scroll of magic mapping {unknown}
 i - a scroll of immolation {unknown}
Potions
 h - a potion of curing {unknown}
Comestibles
 f - a ration


   Skills:
 + Level 2.8 Fighting
 * Level 4.2 Axes
 - Level 2.0 Throwing
 + Level 1.1 Armour
 + Level 3.5 Dodging


You had one spell level left.
You didn't know any spells.
Your spell library was empty.

Dungeon Overview and Level Annotations

Branches:
Dungeon (3/15)

Altars:

Annotations:
D:3 Ijyb


Innate Abilities, Weirdness & Mutations

You reflexively headbutt those who attack you in melee.
You have a pair of horns on your head.


Message History

You hit the rat.
You kill the rat!
No target in view!
You now have 78 gold pieces (gained 8).
Found a stone staircase leading up.
There is a stone staircase leading down here.
You climb downwards.
There is a stone staircase leading up here.
Ijyb the Twisted Goblin comes into view.
She is carrying a wand of disintegration (5).
Ijyb shouts!
Ijyb moves out of view.
No target in view!
Ijyb zaps a wand.
You are blasted!
Ijyb screams, "I cut your head off!" Ijyb closely misses you.
You hit Ijyb.
Ijyb is lightly wounded.
Ijyb zaps a wand.
You are blasted!
Ouch! That really hurt!
You die...

#.. ######..
#......###
#........
#......#
#......#
########.$....#
#........@g.#
#....$..####
#.#.##.## #.#..#
.####....##
......##..#####
.......<........
###.##..#.######
#. ##....#


You could see Ijyb.

Vanquished Creatures
  An adder (D:2)
  2 leopard geckos (D:2)
  A giant cockroach (D:1)
  A hobgoblin (D:1)
  3 jackals (D:2)
  A kobold (D:1)
  A bat (D:1)
  A rat (D:2)
11 creatures vanquished.

Notes
Turn   | Place    | Note
-------+----------+-------------------------------------------
     0 | D:1      | Lanoc the Minotaur Gladiator began the quest for the Orb.
     0 | D:1      | Reached XP level 1. HP: 18/18 MP: 0/0
    80 | D:2      | Reached XP level 2. HP: 22/25 MP: 1/1
   125 | D:2      | Reached skill level 4 in Axes
   179 | D:2      | Reached skill level 1 in Armour
   381 | D:3      | Noticed Ijyb
   385 | D:3      | Blown up by Ijyb

Levels and vault maps discovered:
D:1:      roderic_crop_circles_arrival_small, layout_basic
D:2:      minmay_angry_zag, layout_loops_ring, overflow_temple_1_default,
          kiku_gazebo_pond_becter, lemuel_round_altar
D:3:      layout_rooms, first_ration, chequers_serial_rivers_micro_b,
          uniq_grinder, uniq_ijyb, uniq_robin

Skill      XL: |  1  2 |
---------------+-------+-----
Axes           | 4 |  4.2
Armour         | 1 |  1.1
Fighting       | |  2.8
Throwing       | |  2.0
Dodging        | |  3.5

Action                   || total
-------------------------++-------
Melee: War axe           ||    22
       Headbutt          ||     2
Armor: Leather armour    ||     9
Dodge: Dodged            ||    18

Table legend:
 A = Non-vault XP
 B = Vault XP
 C = Vault XP percentage of total XP
 D = Non-vault monster count
 E = Vault monster count
 F = Vault count percentage of total count
                 A         B        C        D         E       F
            +---------+---------+-------+---------+---------+-------
      Total |      33 |       0 |   0.0 |      11 |       0 |   0.0
            +---------+---------+-------+---------+---------+-------
        D:1 |       7 |       0 |   0.0 |       4 |       0 |   0.0
        D:2 |      26 |       0 |   0.0 |       7 |       0 |   0.0
            +---------+---------+-------+---------+---------+-------
